 Dungeon Crawl Stone Soup version 0.27-a0-988-g25969acef8 (webtiles) character file.

Game seed: 15858876793413565735

272 karrick the Magician (level 6, -1/40 HPs)
             Began as a Djinni Fire Elementalist on Apr 15, 2021.
             Slain by an orc
             ... wielding a +0 short sword
              (2 damage)
             ... on level 7 of the Dungeon.
             The game lasted 00:05:33 (4585 turns).

karrick the Magician (Djinni Fire Elementalist)     Turns: 4585, Time: 00:05:33

Health: -1/40      AC:  4    Str:  9    XL:     6   Next: 23%
Gold:   65         EV: 12    Int: 17    God:
                   SH:  0    Dex: 13

rFire    + + .     SeeInvis .   q - +2 dagger (elec)
rCold    x . .     Faith    .   (no shield)
rNeg     . . .     Spirit   .   a - +0 robe
rPois    ∞         Reflect  .   (no helmet)
rElec    .         Harm     .   j - +0 cloak
rCorr    .         Rampage  .   r - +0 pair of gloves
Will     .....                  (boots unavailable)
Stlth    ++........             (no amulet)
HPRegen  0.13/turn              (no ring)
MPRegen  0.00/turn              (no ring)

@: flying
A: fire resistance 2, cold vulnerability 1, float, innate caster, hp casting,
extra vitality 1
a: no special abilities


You were on level 7 of the Dungeon.
You visited 1 branch of the dungeon, and saw 6 of its levels.

You collected 65 gold pieces.

Inventory:

Hand Weapons
 d - a +0 short sword
 e - a +1 dagger of speed
 h - a +1 dagger of venom
 n - a +1 dagger of electrocution
 q - a +2 dagger of electrocution (weapon)
Armour
 a - a +0 robe (worn)
 j - a +0 cloak (worn)
 r - a +0 pair of gloves (worn)
Scrolls
 f - a scroll of identify {unknown}
 g - a scroll of magic mapping {unknown}
 i - a scroll of blinking {unknown}
 k - 3 scrolls of immolation {unknown}
 l - a scroll of vulnerability {unknown}
 m - a scroll of teleportation {unknown}
Potions
 b - a potion of ambrosia {unknown}
 c - 2 potions of heal wounds {unknown}
 o - a potion of flight {unknown}
 p - 2 potions of curing {unknown}


   Skills:
 + Level 2.3 Dodging
 + Level 2.2 Stealth
 + Level 5.4 Spellcasting


You couldn't memorise any spells.
You knew the following spells:

 Your Spells              Type           Power      Damage    Failure   Level
a - Foxfire               Conj/Fire      92%        2x1d8     1%          1
b - Conjure Flame         Conj/Fire      23%        6-21      4%          3
c - Inner Flame           Hex/Fire       23%        N/A       4%          3
d - Sticky Flame          Conj/Fire      23%        2d4       14%         4
e - Fireball              Conj/Fire      11%        3d7       36%         5
f - Sandblast             Erth           46%        2d11      1%          1
g - Blink                 Tloc           N/A        N/A       2%          2
Your spell library was empty.

Dungeon Overview and Level Annotations

Branches:
Dungeon (7/15)
 Temple: D:4-7

Altars:
Dithmenos
Kikubaaqudgha

Annotations:
D:2 1 runed translucent door, Crazy Yiuf
D:3 Grinder


Innate Abilities, Weirdness & Mutations

You are immune to poison.
Your flesh is very heat resistant. (rF++)
You are vulnerable to cold. (rC-)
You float through the air rather than walking.
You learn spells naturally, not from books.
Your magical power is your life essence.
You have superior vitality. (+4 HP)


Message History

The orc is heavily wounded.
The orc hits you with a +0 dagger. The water moccasin barely misses you.
You barely miss the orc.
The orc is heavily wounded.
The water moccasin closely misses you. The orc misses you.
You hit the orc but do no damage.
The orc is heavily wounded.
The water moccasin bites you. The orc hits you but does no damage.
The water moccasin closely misses you.
You hit the orc.
You kill the orc!
The water moccasin bites you but does no damage.
The howler monkey hoots and howls with incredible vigour!
You hear a shout!
The water moccasin barely misses you.
Things that are here:
a +0 dagger; 2 boomerangs
There is a stone staircase leading down here.
The water moccasin bites you.
* * * LOW HITPOINT WARNING * * *
The water moccasin bites you.
* * * LOW HITPOINT WARNING * * *
You fly downwards. 3 orcs and an orc wizard come into view.
The orc shouts! x2; The orc wizard shouts!
Found a scroll labelled EMANOO JYQYDGHA and a dagger.
Found a stone staircase leading up.
There is a stone staircase leading up here.
The orc shouts!
The water moccasin closely misses you.
The orc wizard casts a spell at itself.
The orc wizard flickers and vanishes!
Deactivating autopickup; reactivate with Ctrl-A.
Found an escape hatch in the floor.
Found an ancient bone altar of Kikubaaqudgha.
The water moccasin bites you!
* * * LOW HITPOINT WARNING * * *
There is a stone staircase leading up here.
The orc hits you with a +0 short sword.
You die...

#.# #.### #...#
#o..# #...#
#<..#
#.{o######
#####.oS.....#
........@####.#
.##..#...?....#
##.....###..#
#....P.# #
#..P....
.....#...>
....##.._. #...
#....


You could see a water moccasin and 3 orcs.

Vanquished Creatures
  A water moccasin (D:4)
  A scorpion (D:6)
  A hound (D:4)
  3 worms (D:2)
  3 dart slugs
  3 orcs
  6 ball pythons
  5 endoplasms
  3 giant cockroaches (D:1)
  8 goblins
  7 hobgoblins
  2 jackals (D:1)
  6 kobolds
  4 quokkas
  4 bats
  2 frilled lizards
  A rat (D:2)
60 creatures vanquished.

Vanquished Creatures (others)
  323 foxfires
323 creatures vanquished.

Grand Total: 383 creatures vanquished

Notes
Turn   | Place    | Note
-------+----------+-------------------------------------------
     0 | D:1      | karrick the Djinni Fire Elementalist began the quest for
                  | the Orb.
     0 | D:1      | Reached XP level 1. HP: 15/15 MP: 0/0
   457 | D:1      | Reached skill level 3 in Spellcasting
   457 | D:1      | Reached XP level 2. HP: 15/21 MP: 0/0
  1549 | D:1      | Reached XP level 3. HP: 18/25 MP: 0/0
  1549 | D:1      | Learned a level 1 spell: Sandblast
  2976 | D:2      | Found a faded altar of an unknown god.
  3196 | D:2      | Found a runed translucent door.
  3197 | D:2      | Noticed Crazy Yiuf
  3471 | D:2      | Reached XP level 4. HP: 28/31 MP: 0/0
  3829 | D:3      | Reached skill level 4 in Spellcasting
  4072 | D:3      | Found a shadowy altar of Dithmenos.
  4147 | D:3      | Noticed Grinder
  4163 | D:4      | Noticed a water moccasin
  4168 | D:4      | Killed a water moccasin
  4169 | D:4      | Reached skill level 5 in Spellcasting
  4169 | D:4      | Reached XP level 5. HP: 10/35 MP: 0/0
  4169 | D:4      | Learned a level 2 spell: Blink
  4454 | D:4      | You are sucked into a shaft and drop 2 floors!
  4490 | D:6      | Reached XP level 6. HP: 35/40 MP: 0/0
  4567 | D:6      | Noticed a water moccasin
  4584 | D:7      | HP: 1/40 [water moccasin (8)]
  4585 | D:7      | Slain by an orc

Illustrated notes

Levels and vault maps discovered:
D:1:      wheals_arrival_linesprint, layout_basic
D:2:      layout_loops_ring, shapermc_ecumenical_altar_totnotflames,
          chequers_decorated_corner, minmay_misc_feat_room,
          uniq_crazy_yiuf_cottage
D:3:      layout_basic, gammafunk_temple_overflow_arena,
          overflow_temple_1_default, uniq_grinder
D:4:      layout_cave_pools, minmay_goblin_outpost, uniq_pikel, uniq_duvessa,
          uniq_menkaure
D:6:      layout_loops_ring, minmay_misc_feat_roman, minivault_19
D:7:      gammafunk_wand_slinger, layout_rooms, kennysheep_little_box,
          kiku_gazebo_garden_becter, lightli_temple_of_fire,
          minmay_temple_entry_poolview

Skill      XL: |  1  2  3  4 |
---------------+-------------+-----
Spellcasting   | 3 5 |  5.4
Stealth        | 2 |  2.2
Dodging        | |  2.3

Action                   |  1- 3 |  4- 6 || total
-------------------------+-------+-------++-------
Melee: Dagger            |       |    11 ||    11
 Cast: Foxfire           |   154 |    47 ||   201
Armor: Robe              |       |     5 ||     5
Dodge: Dodged            |     2 |    19 ||    21

Table legend: (Time is in decaauts)
 A = Elapsed time spent in this place.
 B = Non-inter-level travel time spent in this place.
 C = Inter-level travel time spent in this place.
 D = Time resting spent in this place.
 E = Time spent auto-exploring this place.
 F = Levels seen in this place.
 G = Mean time per level.
                   A        B        C        D        E       F      G
               +--------+--------+--------+--------+--------+-----+--------+
         Total |   4581 |   4489 |     92 |    258 |   3819 |   6 |  763.5 |
       Dungeon |   4581 |   4489 |     92 |    258 |   3819 |   6 |  763.5 |
               +--------+--------+--------+--------+--------+-----+--------+

Top non-repeatable levels by time:
     D:1: 2288 daAuts
     D:2: 1498 daAuts
     D:3: 367 daAuts
     D:4: 296 daAuts
     D:6: 126 daAuts
     D:7: 3 daAuts
